Map: Ruins of Seras

Players

AcerBly (Bly) - Winner!

  • Race: Zerg Zerg

Probe

  • Race: Protoss Protoss

Event: DreamHack ROCCAT LotV Championship

VOD

Have the link to the VOD?

Description

Time

  • Played on: Nov. 26, 2015, 10:40 a.m.
  • Length: 11:46

All games in this series

Show
View Real Time Build Order
Export as new Build Order

AcerBly Zerg - Winner!

Build Orders: Hatch First, Lurkers 

Get SALT Encoding   

  12  0:01  Drone  
  13  0:13  Overlord  
  13  0:18  Drone  
  14  0:31  Drone  
  14  0:32  Drone  
  16  0:37  Drone  
  17  0:54  Hatchery  
  16  0:59  Drone  
  17  1:13  Spawning Pool  
  17  1:17  Drone  
  17  1:20  Drone  
  17  1:25  Drone  
  19  1:35  Overlord  
  19  1:56  Hatchery  
  19  2:01  Zergling x4  
  20  2:06  Zergling x2  
  20  2:07  Queen  
  23  2:10  Drone  
  23  2:13  Drone  
  25  2:18  Drone  
  26  2:23  Drone  
  27  2:34  Drone x2  
  27  2:35  Queen  
  31  2:43  Overlord  
  31  2:44  Drone  
  31  2:49  Drone  
  33  2:56  Drone  
  34  3:02  Drone  
  34  3:04  Extractor x2  
  34  3:05  Queen  
  33  3:07  Drone  
  33  3:09  Queen  
  38  3:15  Drone x3  
  41  3:21  Overlord  
  41  3:24  Drone x2  
  41  3:26  Drone  
  43  3:34  Drone x2  
  43  3:35  Drone x2  
  43  3:39  Overlord  
  47  3:43  Drone  
  48  3:51  Drone x4  
  48  3:52  Drone  
  53  3:56  Lair  
  52  4:04  Drone x3  
  52  4:07  Drone  
  52  4:09  Zergling x2  
  56  4:17  Metabolic Boost  
  56  4:18  Drone x2  
  56  4:19  Zergling x2  
  56  4:21  Zergling x6  
  62  4:25  Drone x2  
  62  4:26  Drone  
  62  4:29  Spore Crawler  
  62  4:30  Extractor x2  
  62  4:34  Drone x3  
  65  4:40  Overlord x3  
  65  4:46  Roach Warren  
  65  4:48  Spore Crawler  
  63  4:57  Hydralisk Den  
  63  5:00  Drone x12  
  63  5:07  Overlord  
  74  5:10  Overlord  
  74  5:18  Drone x4  
  74  5:19  Extractor x2  
  76  5:22  Evolution Chamber  
  75  5:28  Lurker Den  
  75  5:29  Hydralisk x4  
  75  5:31  Overseer  
  83  5:44  Hydralisk  
  83  5:45  Hydralisk x3  
  91  5:50  Zerg Missile Weapons Level 1  
  91  5:52  Overlord  
  90  5:57  Drone x2  
  90  6:11  Hydralisk x6  
  90  6:16  Drone x3  
  90  6:18  Overlord  
  105  6:20  Overlord  
  105  6:31  Overlord  
  105  6:32  Overlord x5  
  105  6:40  Spore Crawler  
  105  6:41  Spore Crawler  
  105  6:45  Drone  
  105  6:46  Infestation Pit  
  103  6:49  Hydralisk x3  
  103  6:51  Overlord  
  109  7:00  Lurker x5  
  114  7:07  Drone x2  
  114  7:08  Drone x3  
  119  7:09  Overlord  
  119  7:10  Spore Crawler  
  119  7:11  Overlord  
  115  7:23  Drone x3  
  114  7:31  Hive, Hydralisk  
  114  7:32  Hydralisk x6  
  128  7:44  Overseer  
  128  7:46  Overlord  
  128  7:48  Zerg Melee Weapons Level 1  
  129  7:51  Lurker  
  129  7:54  Drone x5  
  129  7:55  Drone x5  
  135  8:13  Hatchery  
  135  8:19  Muscular Augments  
  133  8:25  Lurker x4  
  137  8:33  Overlord, Drone  
  137  8:41  Zergling x2  
  137  8:42  Overlord, Zergling x24  
  148  8:57  Zergling x2  
  148  8:58  Zergling x10  
  144  9:13  Hydralisk x10  
  136  9:19  Overlord  
  121  9:25  Hydralisk x2  
  123  9:35  Hydralisk  
  123  9:36  Hydralisk x2  
  127  9:42  Lurker x4  
  127  9:43  Hydralisk x3  
  134  9:55  Hydralisk x3  
  134  9:57  Zergling x6  
  134  9:58  Zergling x8  
  134  9:59  Overlord  
  137  10:09  Hydralisk x2  
  139  10:16  Hydralisk x2  
  139  10:19  Queen  
  139  10:20  Queen  
  138  10:35  Hydralisk x9  
  153  10:43  Overlord  
  153  10:44  Zergling x4  
  155  10:53  Drone x2  
  156  10:58  Lurker x4  
  157  11:04  Overseer  
  157  11:06  Roach x3  
  157  11:07  Overlord, Extractor  
  157  11:11  Extractor  
  161  11:16  Hydralisk x3  
Show
View Real Time Build Order
Export as new Build Order

Probe Protoss 

Build Orders: 1 Gate Expand, Phoenix Opening 

Get SALT Encoding   

  12  0:01  Probe (Chrono Boost)  
  13  0:11  Probe (Chrono Boost)  
  14  0:18  Pylon  
  14  0:22  Probe (Chrono Boost)  
  15  0:36  Probe (Chrono Boost)  
  15  0:38  Gateway  
  16  0:47  Probe (Chrono Boost)  
  16  0:48  Assimilator  
  17  0:57  Probe (Chrono Boost)  
  18  1:08  Probe (Chrono Boost)  
  19  1:22  Nexus  
  19  1:26  Probe (Chrono Boost)  
  20  1:35  Cybernetics Core  
  20  1:38  Probe (Chrono Boost)  
  21  1:45  Assimilator  
  21  1:50  Pylon  
  21  1:54  Probe (Chrono Boost)  
  22  2:04  Probe (Chrono Boost)  
  23  2:11  Adept, Warp Gate  
  25  2:16  Probe (Chrono Boost)  
  26  2:26  Probe (Chrono Boost)  
  27  2:36  Probe (Chrono Boost)  
  28  2:38  Mothership Core (Chrono Boost)  
  28  2:40  Adept  
  32  2:47  Probe (Chrono Boost)  
  33  2:57  Probe x2 (Chrono Boost)  
  34  3:06  Stargate  
  34  3:07  Probe (Chrono Boost)  
  34  3:08  Probe (Chrono Boost)  
  36  3:18  Probe x2 (Chrono Boost)  
  38  3:21  Gateway  
  38  3:22  Gateway  
  38  3:28  Probe (Chrono Boost)  
  38  3:29  Probe (Chrono Boost)  
  40  3:37  Pylon  
  40  3:39  Probe x2 (Chrono Boost)  
  42  3:43  Sentry  
  44  3:48  Probe (Chrono Boost)  
  44  3:50  Probe (Chrono Boost), Forge  
  48  3:55  Phoenix (Chrono Boost)  
  48  3:56  Pylon  
  48  3:58  Probe  
  48  4:01  Probe  
  50  4:09  Probe  
  50  4:10  Pylon  
  50  4:11  Protoss Ground Weapons Level 1 (Chrono Boost), Assimilator x2  
  50  4:13  Probe  
  54  4:17  Phoenix (Chrono Boost)  
  54  4:33  Nexus  
  54  4:36  Pylon  
  54  4:40  Phoenix (Chrono Boost)  
  54  4:45  Probe x2  
  58  4:52  Sentry  
  60  4:57  Probe x2  
  62  5:05  Phoenix (Chrono Boost)  
  64  5:09  Probe  
  64  5:10  Probe  
  64  5:11  Photon Cannon  
  64  5:12  Pylon  
  64  5:13  Gateway  
  66  5:15  Gateway  
  66  5:23  Robotics Facility  
  66  5:25  Probe x2  
  68  5:30  Phoenix (Chrono Boost)  
  70  5:37  Twilight Council  
  70  5:41  Probe x2  
  72  5:44  Probe  
  73  5:53  Probe x2  
  73  5:54  Probe  
  76  6:04  Zealot x2  
  76  6:05  Probe, Zealot  
  76  6:08  Pylon  
  76  6:10  Immortal (Chrono Boost), Pylon  
  83  6:16  Pylon  
  83  6:17  Probe x3  
  90  6:25  Adept x2  
  90  6:26  Adept, Pylon  
  90  6:27  Sentry, Protoss Ground Weapons Level 2  
  98  6:38  Charge (Chrono Boost)  
  98  6:40  Immortal  
  102  6:47  Probe x3  
  102  6:52  Gateway  
  105  6:54  Sentry, Gateway  
  105  6:59  Probe x2, Assimilator  
  110  7:01  Probe  
  110  7:02  Assimilator  
  110  7:08  Zealot  
  110  7:09  Zealot x2  
  110  7:13  Gateway  
  110  7:15  Zealot  
  118  7:17  Observer  
  118  7:19  Pylon  
  119  7:23  Pylon  
  119  7:29  Zealot x4  
  127  7:40  Immortal, Pylon  
  127  7:41  Pylon  
  127  7:46  Gateway  
  127  7:48  Gateway  
  127  7:49  Templar Archives  
  131  8:03  Zealot x7  
  145  8:14  Immortal  
  149  8:24  Pylon  
  149  8:26  Pylon  
  149  8:40  Nexus  
  149  8:53  Zealot x8  
  153  9:13  Zealot x5  
  153  9:14  Zealot x3  
  113  9:25  Observer  
  102  9:44  Observer  
  102  9:46  Zealot x7  
  102  9:47  Zealot  
  113  10:03  Observer  
  100  10:17  High Templar x7  
  108  10:27  Immortal  
  108  10:28  Archon x3  
  82  10:29  Zealot  
  64  10:51  Adept  
  64  10:52  Zealot  
  64  10:53  Zealot x6  
  71  11:02  Immortal  
  63  11:20  Zealot x2, High Templar  
  62  11:30  Zealot  
  62  11:32  Archon  

Tags
 
Add a new tag
Caveats
  • Supply blocks, unpowered buildings, or Contaminate may cause inaccurate times.
  • Supply counts are checked every 10 seconds.